 Dungeon Crawl Stone Soup version 0.32-a0-120-gfac0567ad4 (webtiles) character file.

Game seed: 4749604465075492474

1295 pokeman the Thaumaturge (level 8, -1/44 HPs)
             Began as a Deep Elf Hedge Wizard on Feb 6, 2024.
             Was a Follower of Vehumet.
             Slain by a yak (5 damage)
             ... on level 6 of the Dungeon.
             The game lasted 00:14:25 (6708 turns).

pokeman the Thaumaturge (Deep Elf Hedge Wizard)     Turns: 6708, Time: 00:14:26

Health: -1/44      AC:  7    Str:  7    XL:     8   Next: 30%
Magic:  11/23      EV: 12    Int: 22    God:    Vehumet [*.....]
Gold:   416        SH:  0    Dex: 14    Spells: 11/25 levels left

rFire   + . .        x - +0 hand axe (elec)
rCold   + . .        (no shield)
rNeg    . . .        t - +1 leather armour {rF+}
rPois   .            i - +0 helmet
rElec   .            (no cloak)
rCorr   +            g - +0 pair of gloves
SInv    .            k - +0 pair of boots
Will    .....        (no amulet)
Stlth   ++           q - ring of resist corrosion
HPRegen 0.27/turn    b - ring of protection from cold
MPRegen 0.18/turn

%: no passive effects
@: very slightly contaminated
A: no striking features
a: Renounce Religion


You were on level 6 of the Dungeon.
You worshipped Vehumet.
Vehumet was aware of your devotion.
You visited 2 branches of the dungeon, and saw 7 of its levels.

You collected 416 gold pieces.

Inventory:

Hand Weapons
 x - a +0 hand axe of electrocution (weapon)
Armour
 g - a +0 pair of gloves (worn)
 i - a +0 helmet (worn)
 k - a +0 pair of boots (worn)
 t - a +1 leather armour of fire resistance (worn)
Magical Staves
 h - a staff of fire
Jewellery
 b - a ring of protection from cold (right hand)
 q - a ring of resist corrosion (left hand)
Wands
 v - a wand of charming (12)
Scrolls
 a - a scroll of blinking {unknown}
 c - a scroll of fog {unknown}
 f - 2 scrolls of teleportation {unknown}
 l - a scroll of vulnerability {unknown}
 m - a scroll of amnesia {unknown}
 n - 2 scrolls of noise {unknown}
 o - a scroll of enchant weapon {unknown}
 p - 2 scrolls of revelation {unknown}
 s - a scroll of torment {unknown}
 u - 2 scrolls of identify {unknown}
 y - a scroll of enchant armour {unknown}
Potions
 d - a potion of magic
 e - 5 potions of haste {unknown}
 j - 2 potions of heal wounds {unknown}
 r - a potion of resistance {unknown}
 w - 2 potions of cancellation {unknown}
 z - a potion of curing {unknown}
 A - a potion of attraction {unknown}


   Skills:
 - Level 2.0 Fighting
 + Level 2.4 Armour
 - Level 3.0 Dodging
 - Level 3.0 Stealth
 * Level 9.4 Spellcasting
 + Level 4.7 Conjurations
 - Level 1.1 Summonings
 - Level 1.1 Translocations
 + Level 3.9 Fire Magic
 - Level 1.0 Air Magic
 - Level 1.0 Alchemy
 - Level 1.0 Evocations


You had 11 spell levels left.
You knew the following spells:

 Your Spells              Type           Power      Damage    Failure   Level
a - Magic Dart            Conj           100%       1d8       1%          1
b - Mephitic Cloud        Conj/Alch/Air  20%        N/A       11%         3
c - Call Imp              Summ           30%        N/A       9%          2
d - Blink                 Tloc           30%        N/A       9%          2
e - Foxfire               Conj/Fire      100%       2x1d9     1%          1
f - Fireball              Conj/Fire      14%        3d8       41%         5

Your spell library contained the following spells:

 Spells                   Type           Power      Damage    Failure   Level
 Sting                    Conj/Alch      92%        1d8       2%          1
 Apportation              Tloc           30%        N/A       6%          1
 Summon Small Mammal      Summ           60%        N/A       6%          1
 Necrotise                Necr           40%        1d6       10%         1
 Slow                     Hex            40%        N/A       10%         1
 Cigotuvi's Dreadful Rot  Necr/Alch/Air  26%        N/A       11%         2
 Summon Ice Beast         Ice/Summ       12%        N/A       22%         3
 Cause Fear               Hex            5%         N/A       67%         4
 Summon Mana Viper        Hex/Summ       12%        N/A       90%         5
 Monstrous Menagerie      Summ           7%         N/A       100%        7
 Dragon's Call            Summ           7%         N/A       100%        9


Dungeon Overview and Level Annotations

Branches:
Dungeon (6/15)             Temple (1/1) D:5

Altars:
Ashenzari
Cheibriados
Dithmenos
Gozag
Hepliaklqana
Kikubaaqudgha
Makhleb
Nemelex Xobeh
Qazlal
Sif Muna
Trog
Uskayaw
Vehumet
Wu Jian
Xom
Yredelemnul
Zin
The Shining One

Shops:
D:3 :

Annotations:
D:3 Scrolls behind grate


Message History

Confirm with . or Enter, or press ? or * to list all spells.
Aiming: Mephitic Cloud (dangerous; 11% risk of failure)
Press: ? - help, Shift-Dir - straight line, f/p - steam dragon
Aim: a steam dragon (severely wounded, chance to affect: 81%)
The ball explodes into a vile cloud!
The stinking cloud engulfs the steam dragon.
The steam dragon is severely wounded.
The stinking cloud engulfs you.
The stinking cloud engulfs the bullfrog.
You are engulfed in noxious fumes.
You choke on the stench!
You are confused.
You hear a shout! x2
The steam dragon is engulfed in noxious fumes.
The steam dragon appears confused.
The steam dragon bites you.
* * * LOW HITPOINT WARNING * * *
The steam dragon claws you but does no damage.
Unknown command.
Unknown command.
You feel ready to blink again.
The steam dragon is engulfed in noxious fumes.
The steam dragon appears confused.
Unknown command.
You're too confused to cast spells.
Okay, then.
Unknown command.
You feel less confused.
The steam dragon is engulfed in noxious fumes.
The steam dragon appears confused.
The bullfrog releases a deep croak.
The steam dragon is engulfed in noxious fumes.
The steam dragon appears confused.
The bullfrog is engulfed in noxious fumes.
The bullfrog appears confused.
A yak comes into view.
The yak bellows!
You hear a bellow!
Found a chain mail.
Something hits the steam dragon.
An adder comes into view.
Found a lumpy green potion.
The yak attacks as it pursues you! The yak gores you.
You die...

# . .# . .# .S.
###.######
.....####........# ##
!....[.@Y...##.#.# #.
.....####.#.##.#.######.
... #.#............ยง .
#.#.##.#.######.
#D#.##.#.#### #.
#...F..^...[# #.
###.##Y####.# #. #.##.#
#.# ## .....Y ##.####


You could see a yak and an adder.

Vanquished Creatures
  4 black bears
  An ogre (D:3)
  A bullfrog (D:6)
  2 scorpions (D:5)
  A bombardier beetle (D:3)
  2 hounds (D:5)
  A jelly (D:3)
  4 orc priests
  A gnoll bouda (D:5)
  A sleepcap (D:5)
  Ijyb (D:4)
  Natasha (twice) (D:4)
  3 iguanas
  5 gnolls (D:5)
  7 adders
  2 dart slugs
  16 orcs
  8 endoplasms
  5 giant cockroaches
  6 goblins
  6 hobgoblins
  2 jackals (D:2)
  2 quokkas
  10 ball pythons
  7 bats
  2 frilled lizards
  8 kobolds
  5 rats
115 creatures vanquished.

Vanquished Creatures (collateral kills)
  2 ribbon worms
  4 foxfires (D:4)
6 creatures vanquished.

Vanquished Creatures (others)
  167 foxfires
167 creatures vanquished.

Grand Total: 288 creatures vanquished

Notes
Turn   | Place    | Note
-------+----------+-------------------------------------------
     0 | D:1      | pokeman the Deep Elf Hedge Wizard began the quest for the
                  | Orb.
     0 | D:1      | Reached XP level 1. HP: 10/10 MP: 7/7
   507 | D:1      | Reached XP level 2. HP: 13/16 MP: 2/9
  1094 | D:1      | Reached skill level 5 in Spellcasting
  1506 | D:2      | Found an ornate altar of the Wu Jian Council.
  1533 | D:2      | Reached XP level 3. HP: 20/20 MP: 8/11
  1537 | D:2      | Learned a level 3 spell: Mephitic Cloud
  1540 | D:2      | Learned a level 2 spell: Call Imp
  1543 | D:2      | Learned a level 2 spell: Blink
  1887 | D:2      | Reached skill level 1 in Fighting
  1887 | D:2      | Reached skill level 1 in Armour
  2186 | D:3      | Reached XP level 4. HP: 25/25 MP: 6/13
  2279 | D:3      | Found a radiant altar of Vehumet.
  2316 | D:3      | Became a worshipper of Vehumet
  2363 | D:3      | Found Ivvyfa Azec's Book Shoppe.
  2725 | D:3      | Reached skill level 6 in Spellcasting
  2746 | D:3      | Reached XP level 5. HP: 29/29 MP: 1/15
  2854 | D:3      | Found a shimmering blue altar of Sif Muna.
  3035 | D:3      | Found a burning altar of Makhleb.
  3407 | D:3      | Noticed an ogre
  3414 | D:3      | Killed an ogre
  3415 | D:3      | Reached skill level 1 in Fire Magic
  3415 | D:3      | Reached skill level 1 in Air Magic
  3415 | D:3      | Reached skill level 1 in Alchemy
  3415 | D:3      | Reached skill level 1 in Evocations
  3487 | D:3      | Reached XP level 6. HP: 34/34 MP: 11/17
  3698 | D:3      | Found a glowing silver altar of Zin.
  3800 | D:4      | Noticed Natasha
  3807 | D:4      | Killed Natasha
  3990 | D:4      | Reached skill level 7 in Spellcasting
  4146 | D:4      | Noticed Ijyb
  4208 | D:4      | Killed Ijyb
  4295 | D:4      | Noticed Natasha
  4316 | D:4      | Reached XP level 7. HP: 20/39 MP: 10/20
  4323 | D:4      | Killed Natasha
  4325 | D:4      | Reached * piety under Vehumet
  4325 | D:4      | Offered knowledge of Foxfire by Vehumet.
  4328 | D:4      | Learned a level 1 spell: Foxfire
  4505 | D:4      | Found a bloodstained altar of Trog.
  4577 | D:4      | Learned a level 5 spell: Fireball
  4776 | D:4      | Reached skill level 8 in Spellcasting
  5001 | D:5      | Entered Level 5 of the Dungeon
  5276 | D:5      | Reached XP level 8. HP: 44/44 MP: 11/22
  5388 | D:5      | Reached skill level 9 in Spellcasting
  5753 | D:5      | Found an opulent altar of Gozag.
  5753 | D:5      | Found a sparkling altar of Nemelex Xobeh.
  5913 | D:5      | Found a basalt altar of Yredelemnul.
  6278 | D:5      | Found a staircase to the Ecumenical Temple.
  6284 | Temple   | Entered the Ecumenical Temple
  6695 | D:6      | HP: 2/44 [steam dragon/ball of steam (6)]
  6700 | D:6      | HP: 1/44 [steam dragon (2)]
  6708 | D:6      | Slain by a yak

Illustrated notes

Levels and vault maps discovered:
D:1:      dpeg_arrival_central, layout_loops_corners
D:2:      layout_basic, basic_altar
D:3:      layout_basic, amcnicky_altar_gilded, old_standard_altar,
          zin_scriptorium, general_overflow_altar, serial_shops, shop
D:4:      layout_basic, trog_ov_bears_minmay, uniq_natasha, uniq_ijyb
D:5:      layout_layer_cave, grunt_temple_overflow_opulence,
          mainiacjoe_overflow_cross_hatched, minmay_temple_entry_fiery
D:6:      layout_loops_cross, uniq_maggie, uniq_blork_the_orc
Temple:   jpeg_temple_alley_garden

Skill      XL: |  1  2  3  4  5  6  7  8 |
---------------+-------------------------+-----
Spellcasting   | 5 6 7 8 9 |  9.4
Fighting       | 1 2 |  2.0
Armour         | 1 2 |  2.4
Conjurations   | 2 3 4 |  4.7
Stealth        | 3 |  3.0
Dodging        | 3 |  3.0
Fire Magic     | 1 2 3 |  3.9
Air Magic      | 1 |  1.0
Alchemy        | 1 |  1.0
Evocations     | 1 |  1.0
Summonings     | |  1.1
Translocations | |  1.1

Action                     |  1- 3 |  4- 6 |  7- 9 || total
---------------------------+-------+-------+-------++-------
  Melee: Dagger            |    26 |    71 |       ||    97
         Punch             |       |     7 |     2 ||     9
         Club              |       |     6 |     3 ||     9
         Hand axe          |       |       |    25 ||    25
   Cast: Magic Dart        |    99 |    97 |     2 ||   198
         Mephitic Cloud    |     2 |     9 |     9 ||    20
         Call Imp          |     1 |     2 |       ||     3
         Foxfire           |       |       |    95 ||    95
         Blink             |       |       |     1 ||     1
   Stab: Confused          |     2 |    10 |     1 ||    13
 Armour: Robe              |    26 |    12 |       ||    38
         Leather armour    |       |    35 |    51 ||    86
  Dodge: Dodged            |    25 |    48 |    39 ||   112

Table legend: (Time is in decaauts)
 A = Elapsed time spent in this place.
 B = Non-inter-level travel time spent in this place.
 C = Inter-level travel time spent in this place.
 D = Time resting spent in this place.
 E = Time spent auto-exploring this place.
 F = Levels seen in this place.
 G = Mean time per level.
                   A        B        C        D        E       F      G
               +--------+--------+--------+--------+--------+-----+--------+
         Total |   6718 |   6612 |    106 |    206 |   5469 |   7 |  959.7 |
       Dungeon |   6716 |   6610 |    106 |    206 |   5469 |   6 | 1119.3 |
        Temple |      1 |      1 |      0 |      0 |      0 |   1 |    1.0 |
               +--------+--------+--------+--------+--------+-----+--------+

Top non-repeatable levels by time:
     D:5: 1611 daAuts
     D:1: 1413 daAuts
     D:3: 1390 daAuts
     D:4: 1260 daAuts
     D:2: 942 daAuts
     D:6: 99 daAuts
  Temple: 1 daAuts
